 Dungeon Sprint DCSS version 0.19-a0-1049-g462a813 (webtiles) character file.

3952 Kidiri the Grappler (level 10, -2/104 HPs)
             Began as a Troll Monk on July 31, 2016.
             Was a High Priest of Qazlal.
             Slain by a komodo dragon (16 damage)
             ... in the Dungeon (Sprint IX: "|||||||||||||||||||||||||||||").
             The game lasted 00:03:42 (617 turns).

Kidiri the Grappler (Troll Monk)                     Turns: 617, Time: 00:03:43

Health: -2/104     AC:  9    Str: 22    XL:     10   Next: 2%
Magic:  14/14      EV: 17    Int:  9    God:    Qazlal [*****.]
Gold:   11         SH:  7    Dex: 16    Spells: 0 memorised, 9 levels left

rFire  . . .     SeeInvis .       - Unarmed
rCold  . . .     Gourm    +     a - +2 robe
rNeg   . . .     Faith    .     (no shield)
rPois  .         Spirit   .     (helmet restricted)
rElec  .         Dismiss  .     (no cloak)
rCorr  .         Reflect  .     (gloves unavailable)
SustAt .         Harm     .     (boots unavailable)
MR     .....     NoTele   +     p - amulet of magic regeneration
Stlth  +.........               o - +3 ring of intelligence
                                n - +2 ring of protection

@: repel missiles, not resistant to hostile enchantments, very unstealthy
A: unfitting armour, claws 3, agile 1, fast metabolism 3, gourmand, regeneration
2, shaggy fur 1, tough skin 2, no device heal 1
a: Upheaval, Elemental Force, Disaster Area, Renounce Religion


You were in the Dungeon.
You worshipped Qazlal.
Qazlal was extremely pleased with you.
You were very full.

You visited 1 branch You collected 11 gold pieces.

Inventory:

Armour
 a - a +2 robe (worn)
Jewellery
 n - a +2 ring of protection (left claw)
 o - a +3 ring of intelligence (right claw)
 p - an amulet of magic regeneration (around neck)
Wands
 m - a wand of acid (15/15)
Scrolls
 h - 2 scrolls of blinking
 k - 4 scrolls of remove curse
 l - 2 scrolls of amnesia
 q - a scroll of identify
 t - a scroll of fog
Potions
 c - 5 potions of curing
 d - a potion of cure mutation
 e - a potion of haste
 f - 4 potions of magic
 g - 3 potions of brilliance
 i - 4 potions of heal wounds
 j - a potion of invisibility
Comestibles
 b - 2 bread rations


   Skills:
 + Level 8.0 Fighting
 + Level 8.2 Throwing
 * Level 10.9 Dodging
 - Level 1.1 Stealth
 * Level 12.8 Unarmed Combat
 + Level 7.6 Invocations
 + Level 1.8 Evocations


You had 9 spell levels left.
You didn't know any spells.

Dungeon Overview and Level Annotations

Branches:
Dungeon (1/1)

Altars:
Cheibriados
Dithmenos
Elyvilon
Fedhas
Gozag
Hepliaklqana
Kikubaaqudgha
Makhleb
Nemelex Xobeh
Okawaru
Pakellas
Qazlal
Ru
Sif Muna
Trog
Uskayaw
Vehumet
Xom
Yredelemnul
Zin
The Shining One
Beogh
Jiyva
Lugonu


Innate Abilities, Weirdness & Mutations

You are too large for most types of armour.
You have claws for hands.
Your metabolism is lightning-fast.
You like to eat raw meat.
You heal very quickly.
You are covered in fur. (AC +1)
You have very tough skin. (AC +2)
You are agile. (Dex +2)
Potions and wands are less effective at restoring your health.


Message History

The water moccasin is almost dead.
The water moccasin closely misses you.
You claw the water moccasin!
You kill the water moccasin!
Qazlal accepts your kill.
Your Fighting skill increases to level 8!
You have reached level 10!
You scratch the komodo dragon but do no damage.
The komodo dragon bites you!!
You scratch the komodo dragon but do no damage.
The komodo dragon completely misses you.
You closely miss the komodo dragon. You claw the komodo dragon!
The komodo dragon is lightly wounded.
The komodo dragon bites you!!
* * * LOW HITPOINT WARNING * * *
You scratch the komodo dragon. You claw the komodo dragon!
The komodo dragon is heavily wounded.
The komodo dragon bites you!
You die...

▓▓▓▓▓▓▓▓▓▓▓▓▓▓▓▓▓▓▓▓▓▓▓▓
......l@....).......'...
▓▓▓▓▓▓▓▓▓▓▓▓▓▓▓▓▓▓▓▓▓▓▓▓▓▓▓▓▓▓▓▓▓
.................................
▓▓▓▓▓▓▓▓▓▓▓▓▓▓▓▓▓▓▓▓▓▓▓▓▓▓▓▓▓▓▓▓▓
____________________'.....)....)÷
▓▓▓▓▓▓▓▓▓▓▓▓▓▓▓▓▓▓▓▓▓▓▓▓▓▓▓▓▓▓▓▓▓


You could see a komodo dragon.

Vanquished Creatures
  2 unseen horrors (D)
  A hill giant (D)
  2 ugly things (D)
  A spiny frog (D)
  A komodo dragon (D)
  A troll (D)
  A two-headed ogre (D)
  3 water moccasins (D)
  2 porcupines (D)
  An ogre (D)
  A centaur (D)
  A killer bee (D)
  A wight (D)
  An adder (D)
  An adder skeleton (D)
  A dart slug (D)
  2 orcs (D)
  A bat (D)
  A bat zombie (D)
  A giant cockroach (D)
  A goblin (D)
  A quokka (D)
  A rat (D)
29 creatures vanquished.

Notes
Turn   | Place    | Note
-------+----------+-------------------------------------------
     0 | D        | Kidiri the Troll Monk began the quest for the Orb.
     0 | D        | Reached XP level 1. HP: 22/22 MP: 0/0
    14 | D        | Reached skill level 1 in Throwing
   135 | D        | Noticed an ogre
   138 | D        | Reached skill level 4 in Unarmed Combat
   138 | D        | Reached XP level 2. HP: 24/29 MP: 1/1
   151 | D        | Killed an ogre
   151 | D        | Reached skill level 6 in Unarmed Combat
   151 | D        | Reached XP level 3. HP: 24/39 MP: 2/2
   151 | D        | Reached XP level 4. HP: 30/48 MP: 3/3
   162 | D        | Found a glowing silver altar of Zin.
   162 | D        | Found a glowing golden altar of the Shining One.
   162 | D        | Found an ancient bone altar of Kikubaaqudgha.
   162 | D        | Found a basalt altar of Yredelemnul.
   162 | D        | Found a shimmering altar of Xom.
   162 | D        | Found a radiant altar of Vehumet.
   163 | D        | Found an iron altar of Okawaru.
   164 | D        | Found a burning altar of Makhleb.
   165 | D        | Found a deep blue altar of Sif Muna.
   166 | D        | Found a bloodstained altar of Trog.
   167 | D        | Found a sparkling altar of Nemelex Xobeh.
   168 | D        | Found a white marble altar of Elyvilon.
   169 | D        | Found a roughly hewn altar of Beogh.
   170 | D        | Found a viscous altar of Jiyva.
   171 | D        | Found a corrupted altar of Lugonu.
   174 | D        | Found a blossoming altar of Fedhas.
   175 | D        | Found a snail-covered altar of Cheibriados.
   176 | D        | Found a shadowy altar of Dithmenos.
   177 | D        | Found a stormy altar of Qazlal.
   178 | D        | Found an opulent altar of Gozag.
   179 | D        | Found a sacrificial altar of Ru.
   180 | D        | Found an oddly glowing altar of Pakellas.
   181 | D        | Found a hide-covered altar of Uskayaw.
   182 | D        | Found a hazy altar of Hepliaklqana.
   195 | D        | Became a worshipper of Qazlal Stormbringer
   195 | D        | Reached * piety under Qazlal
   195 | D        | Reached ** piety under Qazlal
   219 | D        | Noticed a centaur
   219 | D        | Noticed a two-headed ogre
   219 | D        | Noticed a troll
   225 | D        | Killed an unseen horror
   225 | D        | Reached skill level 5 in Fighting
   225 | D        | Reached skill level 5 in Throwing
   225 | D        | Reached skill level 9 in Unarmed Combat
   225 | D        | Reached XP level 5. HP: 33/57 MP: 3/7
   225 | D        | Reached XP level 6. HP: 38/66 MP: 3/8
   225 | D        | Reached XP level 7. HP: 41/72 MP: 3/9
   237 | D        | Killed a troll
   244 | D        | Killed a two-headed ogre
   244 | D        | Reached skill level 10 in Unarmed Combat
   244 | D        | Reached skill level 5 in Invocations
   244 | D        | Reached XP level 8. HP: 38/83 MP: 0/10
   250 | D        | Reached *** piety under Qazlal
   339 | D        | Noticed a hill giant
   339 | D        | Noticed a brown ugly thing
   339 | D        | Noticed a cyan ugly thing
   348 | D        | Killed a cyan ugly thing
   356 | D        | Killed an unseen horror
   356 | D        | Reached **** piety under Qazlal
   356 | D        | Reached skill level 11 in Unarmed Combat
   356 | D        | Reached XP level 9. HP: 44/93 MP: 10/12
   359 | D        | Killed a brown ugly thing
   359 | D        | Reached skill level 10 in Dodging
   364 | D        | Killed a hill giant
   364 | D        | Reached skill level 12 in Unarmed Combat
   375 | D        | Gained mutation: Potions and wands are less effective at restoring your health. [mutagenic meat]
   378 | D        | Gained mutation: You are agile. (Dex +2) [mutagenic meat]
   583 | D        | Noticed a spiny frog
   583 | D        | Noticed a komodo dragon
   589 | D        | Killed a komodo dragon
   589 | D        | Reached ***** piety under Qazlal
   590 | D        | Noticed a komodo dragon
   591 | D        | Reached skill level 1 in Evocations
   597 | D        | Killed a spiny frog
   612 | D        | Reached XP level 10. HP: 53/104 MP: 14/14
   617 | D        | Slain by a komodo dragon

Vault maps used:
D:        linesprint

Skill      XL: |  1  2  3  4  5  6  7  8  9 |
---------------+----------------------------+-----
Dodging        | 3 4 7 8 9 10 | 10.9
Throwing       | 1 3 5 6 7 8 |  8.2
Unarmed Combat | 4 6 9 10 11 12 | 12.8
Fighting       | 3 5 6 7 8 |  8.0
Invocations    | 4 5 6 7 |  7.6
Evocations     | 1 |  1.8
Stealth        | |  1.1

Action                   |  1- 3 |  4- 6 |  7- 9 | 10-12 || total
-------------------------+-------+-------+-------+-------++-------
Melee: Unarmed           |    25 |     5 |    77 |     5 ||   112
       Punch             |       |       |     5 |     1 ||     6
Invok: Upheaval          |       |       |     1 |       ||     1
  Use: Potion            |       |       |     4 |       ||     4
       Scroll            |       |       |     3 |       ||     3
  Eat: Chunk             |     3 |       |    10 |       ||    13
Armor: Robe              |     5 |     2 |     9 |       ||    16
Dodge: Dodged            |     8 |     2 |    38 |     1 ||    49
Block: Other             |       |     1 |    11 |       ||    12
